 Seeded DCSS version 0.31-a0-128-g25add195a6 (webtiles) character file.

Game seed: 2700300885133496189 (custom seed)

22502 Pimp the Nimble (level 12, -23/91 HPs)
             Began as a Demonspawn Fire Elementalist on May 31, 2023.
             Was a High Priest of Vehumet.
             Annihilated by an orc knight
             ... wielding a +3 great mace
              (39 damage)
             ... on level 2 of the Orcish Mines on June 1, 2023.
             The game lasted 01:09:00 (15705 turns).

Pimp the Nimble (Demonspawn Fire Elementalist)     Turns: 15705, Time: 01:09:01

Health: -23/91     AC: 15    Str:  8    XL:     12   Next: 63%
Magic:  23/24      EV: 21    Int: 23    God:    Vehumet [*****.]
Gold:   333        SH: 12    Dex: 27    Spells: 5/28 levels left

rFire   + . .        h - +6 dagger of the Imperium {spect, rElec}
rCold   . . .        (no shield)
rNeg    . . .        v - +2 robe {Will+}
rPois   +            c - +1 hat of the Eight Boll Weevils {rPois rF+ rCorr}
rElec   +            H - +0 cloak
rCorr   +            b - +1 pair of gloves
SInv    +            j - +2 pair of boots
Will    +++..        L - amulet "Kezamy" {RegenMP Will++ Int+2 SInv}
Stlth   ++++         a - +6 ring of dexterity
HPRegen 0.35/turn    z - +6 ring of dexterity
MPRegen 0.59/turn

%: no passive effects
@: about to teleport
A: claws 2, large bone plates 3, demonic guardian 2, icemail 1, condensation
shield
a: Renounce Religion


You were on level 2 of the Orcish Mines.
You worshipped Vehumet.
Vehumet was extremely pleased with you.
You visited 2 branches of the dungeon, and saw 14 of its levels.

You collected 1045 gold pieces.
You spent 712 gold pieces at shops.

Inventory:

Hand Weapons
 h - the +6 dagger of the Imperium (weapon) {spect, rElec}
   (You found it on level 2 of the Dungeon)

   rElec:     It insulates you from electricity.
 C - a +4 arbalest of draining
 F - the +5 whip of the Demagogue {antimagic, Int+5 Dex+3}
   (You found it on level 8 of the Dungeon)

   Int:       It affects your intelligence (+5).
   Dex:       It affects your dexterity (+3).
 J - a +4 long sword of freezing
Missiles
 i - a boomerang of dispersal
 n - 2 throwing nets
Armour
 b - a +1 pair of gloves (worn)
 c - the +1 hat of the Eight Boll Weevils (worn) {rPois rF+ rCorr}
   (You acquired it on level 3 of the Dungeon)

   rF:        It protects you from fire.
   rPois:     It protects you from poison.
   rCorr:     It protects you from acid and corrosion.
 j - a +2 pair of boots (worn)
 v - a +2 robe of willpower (worn)
 y - the +0 leather armour of Faefun {+Blink rF+ rC++ Dex-3}
   (You found it on level 5 of the Dungeon)

   Dex:       It affects your dexterity (-3).
   rF:        It protects you from fire.
   rC:        It greatly protects you from cold.
   +Blink:    It lets you blink.
 H - a +0 cloak (worn)
 K - a +2 robe of resistance
Jewellery
 a - a +6 ring of dexterity (left hand)
 s - a ring of willpower
 u - a ring of protection from fire
 w - a ring of ice
 z - a +6 ring of dexterity (right hand)
 L - the amulet "Kezamy" (around neck) {RegenMP Will++ Int+2 SInv}
   (You bought it in a shop on level 2 of the Orcish Mines)

   [amulet of magic regeneration]

   It increases your rate of magic regeneration.
   Int:       It affects your intelligence (+2).
   SInv:      It lets you see invisible.
   Will:      It greatly increases your willpower.
Wands
 q - a wand of roots (16)
 E - a wand of flame (16)
 G - a wand of paralysis (5)
Scrolls
 e - a scroll of magic mapping
 l - 4 scrolls of amnesia
 o - 2 scrolls of enchant armour
 x - 2 scrolls of teleportation
 A - 3 scrolls of identify
 D - 3 scrolls of vulnerability
 I - a scroll of fog
Potions
 d - 4 potions of might
 f - 2 potions of ambrosia
 g - a potion of curing
 k - 2 potions of cancellation
 m - 2 potions of brilliance
 p - a potion of mutation {unknown}
 r - a potion of berserk rage
 B - 2 potions of attraction


   Skills:
 + Level 7.0 Fighting
 * Level 4.0 Short Blades
 * Level 9.2 Dodging
 - Level 5.8 Stealth
 + Level 8.5 Spellcasting
 + Level 9.0 Conjurations
 + Level 8.8 Fire Magic
 + Level 4.1 Earth Magic


You had 5 spell levels left.
You knew the following spells:

 Your Spells              Type           Power      Damage    Failure   Level
a - Foxfire               Conj/Fire      100%       2x1d9     1%          1
b - Scorch                Fire           100%       2d9       1%          2
c - Sandblast             Erth           56%        2d13      1%          1
d - Flame Wave            Conj/Fire      50%        2d12      1%          4
e - Stone Arrow           Conj/Erth      80%        3d12      1%          3
f - Inner Flame           Hex/Fire       30%        N/A       1%          3
g - Iskenderun's Battles  Conj           51%        2d10      1%          5
h - Fulminant Prism       Conj/Hex       15%        3d11      2%          4

Your spell library contained the following spells:

 Spells                   Type           Power      Damage    Failure   Level
 Plasma Beam              Fire/Air       15%        2x1d26    38%         6
 Volatile Blastmotes      Fire/Tloc      60%        2d15      1%          3
 Apportation              Tloc           18%        N/A       7%          1
 Necrotise                Necr           36%        1d5       7%          1
 Summon Small Mammal      Summ           36%        N/A       7%          1
 Ozocubu's Armour         Ice            9%         N/A       21%         3
 Metabolic Englaciation   Hex/Ice        4%         N/A       88%         5
 Summon Forest            Summ/Tloc      4%         N/A       88%         5
 Leda's Unmaking          Conj/Erth      20%        9d4       17%         6
 Spellforged Servitor     Conj/Summ      15%        N/A       88%         7
 Eringya's Noxious Bog    Tmut/Pois      4%         N/A       91%         6
 Simulacrum               Ice/Necr       4%         N/A       100%        6
 Summon Hydra             Summ           4%         N/A       100%        7


Dungeon Overview and Level Annotations

Branches:
Dungeon (12/15)            Temple (0/1) D:4            Lair (0/5) D:11
    Orc (2/2) D:9             Elf (0/3) Orc:2

Altars:
Ashenzari
Cheibriados
Hepliaklqana
Kikubaaqudgha
Makhleb
Nemelex Xobeh
Qazlal
Sif Muna
Trog
Vehumet
Wu Jian
Xom
Yredelemnul

Shops:
Orc:2 !:(=

Annotations:
D:4 Duvessa


Innate Abilities, Weirdness & Mutations

You have very sharp fingernails.
You are completely covered in large bone plates. (SH +8)
A demonic guardian rushes to your aid.
A meltable icy envelope protects you from harm. (AC +4)
A meltable shield of frost defends you. (SH +4)


Message History

The orcs go into a battle-frenzy!
A wave of flame ripples out!
The flame wave engulfs the warg!
The warg is almost dead.
The flame wave engulfs the orc knight.
The orc knight is heavily wounded.
The flame wave engulfs the orc knight!
The orc knight is moderately wounded.
You hear a shout!
You block the warg's attack.
The orc knight hits you with a +3 great mace!
You block the orc knight's attack.
A wave of flame ripples out!
The flame wave engulfs the warg!
You kill the warg!
Vehumet accepts your kill.
You feel your power returning.
The flame wave engulfs the orc knight!
The orc knight is heavily wounded.
The flame wave engulfs the orc knight!
The orc knight is heavily wounded.
The flame wave engulfs the orc sorcerer!!
The orc sorcerer is heavily wounded.
You finish channelling waves of flame.
The orc knight hits you with a +3 great mace!!
The orc knight hits you with a +0 broad axe!
A demonic guardian appears!
As you read the scroll of teleportation, it crumbles to dust.
You feel strangely unstable. You block the orc knight's attack.
The orc knight closely misses you.
The orc knight hits your rust devil but does no damage.
Your rust devil hits the orc knight!
Your rust devil corrodes the orc knight!
The orc knight attacks as you move away!
The orc knight hits you with a +0 broad axe!!
* * * LOW HITPOINT WARNING * * *
The orc knight hits your rust devil but does no damage.
The orc knight attacks as you move away!
You block the orc knight's attack.
Your rust devil misses the orc sorcerer.
You feel better.
The orc knight hits you with a +3 great mace!!!
You die...

.#### #### ..#.## #..#
.#...# ##.## ##..##
##...###
#....####......###
#.....#........#.#
.)...##.........#####
....#.##............##
...###.....#...[@o)..##
.#.........##..[o<....##
.)..........##..o)[....##
...........###..o4[.....#
###.#.......#.).)......##
#####.......#..)[.....##
.# #.........[[......##
## ###.............### #
#......[)[[...#


You could see 2 orc knights, an orc sorcerer (strong), an orc warrior (strong)
and a friendly rust devil (summoned).

Vanquished Creatures
  An orc warlord (Orc:1)
  A hydra (D:10)
  A boulder beetle (D:9)
  An orc high priest (Orc:2)
  Amaemon (D:8)
  6 orc sorcerers
  A cyclops (D:11)
  Maurice (D:8)
  A gargoyle (D:10)
  An orange demon (D:8)
  2 komodo dragons (D:11)
  A hornet (D:9)
  2 dream sheep (D:10)
  A slime creature (D:12)
  A shadow (D:11)
  Sigmund (D:4)
  A water elemental (D:11)
  7 wyverns
  15 yaks
  A vampire (D:9)
  A wraith (D:11)
  A basilisk (D:11)
  3 steam dragons
  7 wargs
  A two-headed ogre zombie (D:9)
  A sky beast (D:8)
  26 orc warriors
  2 black bears (D:5)
  7 ogres
  An ice beast (D:6)
  5 centaurs (D:11)
  2 phantoms (D:9)
  7 kobold brigands
  A bullfrog (D:7)
  Blork the orc (D:6)
  A gnoll sergeant (D:8)
  2 scorpions
  8 wights
  Dowan (D:4)
  16 killer bees
  A troll zombie (D:9)
  A howler monkey (D:6)
  5 electric eels (D:11)
  A hound (D:6)
  15 orc priests
  2 jellies (D:6)
  7 iguanas
  29 orc wizards
  6 ogre zombies (D:9)
  7 gnolls
  7 adders
  A white imp (D:5)
  An ufetubus (D:6)
  A worm (D:5)
  2 dart slugs
  56 orcs
  4 bats (D:1)
  5 endoplasms
  3 giant cockroaches
  5 goblins
  4 hobgoblins
  3 quokkas
  10 ball pythons
  2 frilled lizards
  5 goblin zombies (D:9)
  A hobgoblin zombie (D:9)
  25 kobolds
  7 orc skeletons (D:9)
  12 orc zombies (D:9)
  9 rats
  A spectral hobgoblin (D:7)
  A spectral weapon (D:11)
380 creatures vanquished.

Vanquished Creatures (collateral kills)
  An orc warlord (Orc:2)
  2 yaks
  An orc warrior (Orc:2)
  A killer bee (D:10)
  An orc priest (Orc:2)
  2 orcs (D:7)
8 creatures vanquished.

Vanquished Creatures (others)
  An orc (Orc:2)
  601 foxfires
  14 fulminant prisms
  A spectral weapon (Orc:2)
617 creatures vanquished.

Grand Total: 1005 creatures vanquished

Notes
Turn   | Place    | Note
-------+----------+-------------------------------------------
     0 | D:1      | Pimp the Demonspawn Fire Elementalist began the quest for
                  | the Orb.
     0 | D:1      | Reached XP level 1. HP: 13/13 MP: 3/3
    18 | D:1      | You fall into a shaft and drop 1 floor!
    29 | D:2      | Gained mutation: You are partially covered in large bone
                  | plates. (SH +4) [demonic ancestry]
    29 | D:2      | Reached XP level 2. HP: 13/19 MP: 0/5
   284 | D:2      | Gained mutation: You have sharp fingernails. [demonic
                  | ancestry]
   284 | D:2      | Reached XP level 3. HP: 15/24 MP: 1/6
   503 | D:2      | Identified the +6 dagger of the Imperium {spect, rElec}
  1967 | D:3      | Gained mutation: You have very sharp fingernails. [demonic
                  | ancestry]
  1967 | D:3      | Reached XP level 4. HP: 30/30 MP: 4/7
  2529 | D:3      | Identified a scroll of acquirement
  2529 | D:3      | Acquired the +1 hat of the Eight Boll Weevils {rPois rF+
                  | rCorr}
  2769 | D:3      | Found a shimmering blue altar of Sif Muna.
  2769 | D:3      | Found a radiant altar of Vehumet.
  2769 | D:3      | Found a basalt altar of Yredelemnul.
  2837 | D:3      | Became a worshipper of Vehumet
  3247 | D:4      | Noticed Duvessa
  3250 | D:4      | Noticed Dowan
  3382 | D:4      | Gained mutation: A weak demonic guardian rushes to your
                  | aid. [demonic ancestry]
  3382 | D:4      | Reached XP level 5. HP: 35/35 MP: 4/9
  3452 | D:4      | Noticed Sigmund
  3457 | D:4      | Learned a level 2 spell: Scorch
  3465 | D:4      | Killed Sigmund
  3466 | D:4      | Gained mutation: You are mostly covered in large bone
                  | plates. (SH +6) [demonic ancestry]
  3466 | D:4      | Reached XP level 6. HP: 41/41 MP: 3/10
  3781 | D:4      | Killed Dowan
  4136 | D:4      | Found a staircase to the Ecumenical Temple.
  4211 | D:5      | Entered Level 5 of the Dungeon
  4333 | D:5      | Reached XP level 7. HP: 46/46 MP: 12/12
  4417 | D:5      | Found a stormy altar of Qazlal.
  4430 | D:5      | Identified the +0 leather armour of Faefun {+Blink rF+ rC++
                  | Dex-3}
  4558 | D:5      | Reached * piety under Vehumet
  4558 | D:5      | Offered knowledge of Sandblast by Vehumet.
  4561 | D:5      | Learned a level 1 spell: Sandblast
  5178 | D:6      | Noticed Blork the orc
  5188 | D:6      | Killed Blork the orc
  5214 | D:6      | Reached XP level 8. HP: 46/52 MP: 14/14
  5550 | D:6      | Reached skill level 5 in Fire Magic
  5555 | D:6      | Reached skill level 5 in Stealth
  5917 | D:6      | Reached skill level 5 in Conjurations
  6116 | D:6      | Reached skill level 5 in Dodging
  6116 | D:6      | Reached skill level 5 in Spellcasting
  6372 | D:7      | Reached ** piety under Vehumet
  6373 | D:7      | Gained mutation: You are completely covered in large bone
                  | plates. (SH +8) [demonic ancestry]
  6373 | D:7      | Reached XP level 9. HP: 54/57 MP: 12/16
  6439 | D:7      | Offered knowledge of Freeze by Vehumet.
  6509 | D:7      | Found a hazy altar of Hepliaklqana.
  6670 | D:7      | Learned a level 4 spell: Flame Wave
  6794 | D:7      | Found a shimmering altar of Xom.
  6927 | D:7      | Found an ancient bone altar of Kikubaaqudgha.
  7413 | D:8      | Reached skill level 1 in Fighting
  7413 | D:8      | Reached skill level 1 in Short Blades
  7898 | D:8      | Noticed an orange demon
  7960 | D:8      | Killed an orange demon
  8179 | D:8      | Identified the +5 whip of the Demagogue {antimagic, Int+5
                  | Dex+3}
  8192 | D:8      | Noticed Maurice
  8196 | D:8      | Killed Maurice
  8197 | D:8      | Gained mutation: A demonic guardian rushes to your aid.
                  | [demonic ancestry]
  8197 | D:8      | Reached XP level 10. HP: 68/68 MP: 15/19
  8283 | D:8      | Noticed Amaemon
  8291 | D:8      | Killed Amaemon
  8512 | D:8      | Offered knowledge of Stone Arrow by Vehumet.
  8525 | D:8      | Learned a level 3 spell: Stone Arrow
  8529 | D:8      | Learned a level 3 spell: Inner Flame
  8535 | D:8      | Learned a level 5 spell: Iskenderun's Battlesphere
  8999 | D:9      | Found a staircase to the Orcish Mines.
  9013 | D:9      | Reached *** piety under Vehumet
  9025 | D:10     | Entered Level 10 of the Dungeon
  9143 | D:10     | Offered knowledge of Fulminant Prism by Vehumet.
  9437 | D:10     | Noticed a gargoyle
  9445 | D:10     | Killed a gargoyle
  9969 | D:10     | Reached **** piety under Vehumet
  9973 | D:10     | Noticed a three-headed hydra
  9980 | D:10     | Killed a three-headed hydra
  9981 | D:10     | Reached skill level 5 in Fighting
  9981 | D:10     | Gained mutation: A meltable shield of frost defends you.
                  | (SH +4) [demonic ancestry]
  9981 | D:10     | Reached XP level 11. HP: 69/79 MP: 21/21
  9988 | D:10     | Learned a level 4 spell: Fulminant Prism
 10112 | D:10     | Found an ornate altar of the Wu Jian Council.
 10574 | D:11     | Offered knowledge of Sticky Flame by Vehumet.
 10656 | D:11     | Reached skill level 1 in Earth Magic
 11108 | D:11     | Found a staircase to the Lair.
 11686 | D:9      | Upgraded the game from 0.31-a0-121-g1e386dd289 to
                  | 0.31-a0-128-g25add195a6
 11744 | D:9      | Reached ***** piety under Vehumet
 11941 | D:9      | Offered knowledge of Plasma Beam by Vehumet.
 11982 | D:9      | Noticed a boulder beetle
 12022 | D:9      | Killed a boulder beetle
 12394 | D:9      | Found a bloodstained altar of Trog.
 12398 | D:9      | Found a snail-covered altar of Cheibriados.
 12401 | D:9      | Found a burning altar of Makhleb.
 12401 | D:9      | Found a sparkling altar of Nemelex Xobeh.
 12408 | D:9      | Found a broken altar of Ashenzari.
 12616 | D:9      | Noticed a red ugly thing
 12635 | Orc:1    | Entered Level 1 of the Orcish Mines
 12784 | Orc:2    | Entered Level 2 of the Orcish Mines
 12919 | Orc:2    | Found a staircase to the Elven Halls.
 13029 | Orc:1    | Noticed an orc knight
 13529 | Orc:2    | Noticed an orc sorcerer
 13535 | Orc:2    | Killed an orc sorcerer
 13536 | Orc:2    | Gained mutation: A meltable icy envelope protects you from
                  | harm. (AC +4) [demonic ancestry]
 13536 | Orc:2    | Reached XP level 12. HP: 88/88 MP: 12/24
 13847 | Orc:2    | Noticed an orc high priest
 14062 | Orc:2    | Killed an orc high priest
 14089 | Orc:2    | Noticed an orc warlord
 14177 | Orc:1    | Killed an orc warlord
 14516 | Orc:2    | Noticed an orc warlord
 14666 | Orc:2    | Killed an orc warlord
 15349 | Orc:2    | Found Agotyof's Jewellery Boutique.
 15349 | Orc:2    | Found Mametaol's Weapon Boutique.
 15350 | Orc:2    | Found Etid's Distillery.
 15353 | Orc:2    | Found Paipp's Book Shop.
 15364 | Orc:2    | Bought the amulet "Kezamy" {RegenMP Will++ Int+2 SInv} for
                  | 712 gold pieces
 15705 | Orc:2    | Annihilated by an orc knight

Illustrated notes

Levels and vault maps discovered:
D:1:      sevenhm_arrival_forest_fort_small_4, layout_basic,
          kennysheep_pointless_box, minmay_misc_feat_x
D:2:      layout_basic
D:3:      layout_basic, chequers_temple_overflow_statue_of_worship, st_stairs_6,
          minivault_5
D:4:      layout_gridville, temple_fountains, minmay_unequal, uniq_sigmund,
          uniq_duvessa
D:5:      layout_basic, nicolae_qazlal_scattered_showers,
          roderic_serpentine_path
D:6:      layout_basic, nicolae_concentric_dashed_squares_wild,
          hangedman_abyss_or_decor_stabs, uniq_blork_the_orc
D:7:      layout_basic, mainiacjoe_overflow_alcove_2, lemuel_round_altar,
          nicolae_hepliaklqana_monster_ancestors
D:8:      layout_basic, uniq_amaemon, uniq_maurice
D:9:      layout_layer_cave, nicolae_overflow_hallway_of_the_gods,
          zombieorc2_lemuel, feat_on_display
D:10:     layout_loops_ring, nzn_wu_jian_contemplation, minmay_misc_feat_room,
          hangedman_ranch
D:11:     layout_basic, erik_lair_dragon
D:12:     layout_cave_pods, uniq_azrael
Orc:1:    layout_diamond_mine, basic_altar
Orc:2:    st_orc_mages, layout_diamond_mine, gammafunk_ghost_necromancy,
          minmay_orc_treasury

Skill      XL: |  1  2  3  4  5  6  7  8  9 10 11 12 |
---------------+-------------------------------------+-----
Stealth        | 2 3 4 5 |  5.8
Dodging        | 2 3 4 5 6 8 9 |  9.2
Fire Magic     | 3 4 5 6 7 8 |  8.8
Conjurations   | 2 3 4 5 6 7 8 9 |  9.0
Spellcasting   | 3 4 5 6 7 8 |  8.5
Fighting       | 2 5 6 7 |  7.0
Short Blades   | 2 4 |  4.0
Earth Magic    | 3 4 |  4.1

Action                     |  1- 3 |  4- 6 |  7- 9 | 10-12 || total
---------------------------+-------+-------+-------+-------++-------
  Melee: Unarmed           |    12 |       |       |       ||    12
         Punch             |     1 |       |     5 |     3 ||     9
         Dagger            |     5 |    22 |   167 |   195 ||   389
         Whip              |       |       |       |     3 ||     3
   Fire: Arbalest          |       |       |     5 |       ||     5
   Cast: Foxfire           |    88 |    35 |    30 |   210 ||   363
         Scorch            |       |     9 |    90 |   110 ||   209
         Sandblast         |       |       |     2 |       ||     2
         Stone Arrow       |       |       |       |    35 ||    35
         Flame Wave        |       |       |       |    26 ||    26
         Iskenderun's Batt |       |       |       |     6 ||     6
         Fulminant Prism   |       |       |       |    14 ||    14
         Inner Flame       |       |       |       |     3 ||     3
    Use: Scroll            |     1 |     8 |    18 |     4 ||    31
         Potion            |     1 |     1 |     1 |     5 ||     8
   Stab: Sleeping          |     2 |     3 |     6 |    12 ||    23
         Distracted        |       |       |       |    12 ||    12
 Armour: Robe              |     6 |     5 |    42 |    54 ||   107
  Dodge: Dodged            |    19 |    10 |   103 |   194 ||   326
  Block: Other             |     5 |     5 |    56 |   185 ||   251

Table legend: (Time is in decaauts)
 A = Elapsed time spent in this place.
 B = Non-inter-level travel time spent in this place.
 C = Inter-level travel time spent in this place.
 D = Time resting spent in this place.
 E = Time spent auto-exploring this place.
 F = Levels seen in this place.
 G = Mean time per level.
                   A        B        C        D        E       F      G
               +--------+--------+--------+--------+--------+-----+--------+
         Total |  15680 |  15179 |    501 |   3774 |   8002 |  14 | 1120.0 |
       Dungeon |  12622 |  12139 |    483 |   1936 |   7789 |  12 | 1051.8 |
  Orcish Mines |   3058 |   3040 |     18 |   1837 |    213 |   2 | 1529.0 |
               +--------+--------+--------+--------+--------+-----+--------+

Top non-repeatable levels by time:
   Orc:2: 1659 daAuts
     D:8: 1646 daAuts
     D:3: 1519 daAuts
   Orc:1: 1398 daAuts
    D:11: 1393 daAuts
    D:10: 1204 daAuts
     D:7: 1147 daAuts
     D:1: 1068 daAuts
     D:5: 1050 daAuts
     D:9: 986 daAuts
     D:6: 928 daAuts
     D:4: 813 daAuts
     D:2: 796 daAuts
    D:12: 66 daAuts
